Map: Ever Dream LE

Players

RyuKey - Winner!

  • Race: Terran Terran
  • League: Diamond
  • Spawn Location: 7:00

enJoy

  • Race: Zerg Zerg
  • League: Diamond
  • Spawn Location: 1:00

VOD

Have the link to the VOD?

Description

Time

  • Played on: June 19, 2020, 8:33 a.m.
  • Length: 17:15
Show
View Real Time Build Order
Export as new Build Order

RyuKey Terran - Winner!

Build Orders:  

Get SALT Encoding   

  12  0:00  SCV  
  14  0:15  Supply Depot  
  13  0:40  Barracks  
  13  0:46  Barracks  
  13  1:01  Barracks  
  13  1:06  SCV  
  14  1:26  Marine  
  14  1:32  Orbital Command  
  15  1:33  Marine  
  16  1:41  Supply Depot  
  16  1:46  Marine  
  17  1:51  Marine  
  18  1:56  Marine  
  19  2:03  Marine  
  20  2:08  Marine  
  20  2:13  Marine  
  22  2:21  Marine  
  23  2:26  Marine  
  23  2:29  Bunker  
  24  2:31  Marine  
  25  2:41  Marine  
  25  2:43  SCV  
  27  2:44  Marine  
  27  2:49  Marine  
  29  2:55  SCV  
  30  2:59  Marine  
  31  3:15  Supply Depot  
  31  3:26  Marine  
  31  3:28  Marine  
  31  3:34  Bunker  
  31  3:37  Marine, SCV  
  31  3:40  Refinery  
  33  3:49  SCV  
  34  4:01  SCV  
  35  4:13  SCV  
  36  4:23  Supply Depot  
  36  4:25  SCV  
  36  4:28  Command Center  
  37  4:37  SCV  
  38  4:49  SCV  
  38  4:50  Factory  
  39  4:53  Refinery  
  39  5:02  SCV  
  40  5:14  SCV  
  41  5:26  SCV, Supply Depot  
  42  5:32  Barracks Reactor, Barracks Tech Lab  
  42  5:33  Command Center  
  42  5:38  SCV  
  42  5:41  Factory Tech Lab  
  43  5:45  Supply Depot  
  43  5:46  Orbital Command  
  43  5:47  Engineering Bay  
  43  5:50  SCV  
  43  5:51  Barracks Reactor  
  41  5:59  Stimpack  
  41  6:00  Marine  
  41  6:02  SCV  
  43  6:09  Marine x2, Supply Depot  
  45  6:14  SCV  
  45  6:16  Widow Mine  
  45  6:17  SCV  
  49  6:18  Marine  
  50  6:26  SCV  
  50  6:27  Marine  
  50  6:28  Marine x2  
  54  6:33  SCV  
  54  6:39  Supply Depot  
  55  6:44  Supply Depot  
  55  6:45  Starport  
  56  6:47  SCV  
  56  6:51  SCV  
  57  6:55  Orbital Command  
  57  6:59  SCV  
  57  7:00  Supply Depot  
  58  7:03  SCV  
  58  7:07  Siege Tank  
  58  7:08  Marine  
  61  7:09  Marine  
  61  7:14  Supply Depot  
  63  7:15  SCV  
  63  7:16  Marine  
  63  7:19  SCV  
  66  7:23  SCV  
  66  7:24  Starport Reactor  
  66  7:28  SCV  
  68  7:30  Supply Depot  
  68  7:31  Marine, SCV  
  68  7:35  SCV  
  68  7:36  Marine  
  72  7:40  SCV  
  72  7:43  SCV  
  74  7:47  SCV  
  74  7:48  Siege Tank  
  78  7:52  SCV, Terran Infantry Weapons Level 1  
  78  7:55  Engineering Bay  
  78  7:57  Marine x3  
  82  7:59  SCV x2  
  82  8:03  Marine x2  
  82  8:04  SCV  
  82  8:05  Refinery x2  
  87  8:11  Orbital Command  
  87  8:23  SCV  
  87  8:24  Medivac, Siege Tank  
  87  8:25  Marine x5  
  98  8:32  SCV, Supply Depot  
  99  8:35  SCV  
  100  8:42  Marine, SCV  
  100  8:43  Marine  
  100  8:44  SCV  
  100  8:46  Combat Shield  
  100  8:47  Marine  
  100  8:48  Marine x2, SCV  
  107  8:54  SCV  
  107  8:55  Terran Infantry Armor Level 1  
  109  8:56  SCV, Siege Tank  
  109  9:00  Marine  
  109  9:01  Marine  
  115  9:05  Marine  
  115  9:06  Marine  
  117  9:10  Marine, SCV x2  
  117  9:13  Medivac x2  
  124  9:18  Marine  
  124  9:19  Barracks  
  124  9:21  Barracks  
  124  9:22  SCV  
  126  9:26  Marine x3  
  126  9:27  Marine  
  130  9:33  Refinery  
  130  9:34  Siege Tank  
  130  9:36  Marine  
  130  9:37  Refinery  
  134  9:44  Marine x3  
  126  9:58  Marine x2  
  117  10:02  Marine x3  
  117  10:05  SCV x2  
  117  10:06  Siege Tank  
  125  10:16  Marine x2  
  125  10:19  Marine  
  125  10:20  Marine x2  
  118  10:25  Barracks Reactor  
  118  10:26  Barracks Reactor  
  118  10:27  Command Center  
  118  10:30  Medivac x2  
  118  10:34  Marine x2  
  124  10:37  Marine  
  124  10:38  Siege Tank  
  127  10:44  Marine  
  127  10:45  Marine  
  129  10:50  Armory  
  129  10:52  Marine x2  
  129  10:55  Marine  
  132  11:00  Medivac  
  132  11:02  Marine x2  
  136  11:09  Marine  
  136  11:10  Siege Tank  
  139  11:27  Marine x2  
  141  11:38  Marine x7  
  148  11:42  Siege Tank  
  148  11:45  Marine x2  
  153  11:56  Marine x3  
  156  12:03  Orbital Command  
  156  12:05  Supply Depot  
  156  12:07  Terran Infantry Weapons Level 2, Terran Infantry Armor Level 2  
  156  12:08  Terran Vehicle Weapons Level 1  
  156  12:09  Supply Depot x2  
  156  12:10  Supply Depot  
  156  12:11  Supply Depot  
  156  12:12  Supply Depot  
  156  12:18  Marine  
  156  12:26  Marine x5, Siege Tank  
  164  12:30  Marine x3  
  164  12:31  SCV  
  164  12:36  Marine, SCV  
  170  12:41  SCV  
  170  12:43  SCV  
  170  12:44  Marine x5, Barracks  
  172  12:48  Marine, SCV  
  172  12:50  Barracks  
  179  12:52  Barracks  
  179  12:54  Marine x3, Orbital Command  
  179  12:57  SCV x2  
  184  12:58  Siege Tank  
  184  13:02  Marine x5  
  184  13:03  Refinery  
  192  13:06  Marine  
  192  13:11  Marine  
  194  13:23  Marine  
  194  13:24  Marine x5  
  200  14:13  Barracks Reactor x3  
  200  14:15  Factory  
  200  14:20  Refinery  
  200  15:29  Factory Tech Lab  
  200  15:35  Ghost Academy, Starport  
  200  16:39  Starport Reactor  
Show
View Real Time Build Order
Export as new Build Order

enJoy Zerg 

Build Orders: Hatch First 

Get SALT Encoding   

  12  0:01  Drone  
  13  0:13  Overlord  
  13  0:16  Drone  
  14  0:31  Drone x2  
  16  0:48  Hatchery  
  15  0:51  Drone  
  15  0:55  Drone  
  17  1:06  Extractor  
  16  1:12  Spawning Pool  
  16  1:17  Drone  
  16  1:18  Drone  
  17  1:21  Drone  
  18  1:29  Drone  
  19  1:39  Drone  
  20  1:50  Drone  
  21  2:00  Queen  
  21  2:01  Queen  
  23  2:06  Overlord  
  25  2:09  Drone  
  25  2:14  Metabolic Boost  
  26  2:21  Drone x2  
  29  2:30  Zergling x4  
  29  2:36  Spine Crawler  
  29  2:37  Spine Crawler  
  22  2:45  Zergling x4  
  23  2:51  Queen  
  23  3:07  Zergling x4  
  22  3:19  Zergling x8  
  24  3:33  Zergling x2  
  23  3:47  Drone  
  24  3:50  Drone  
  25  4:07  Zergling x8  
  29  4:25  Overlord  
  28  4:38  Baneling Nest  
  28  4:41  Drone x2  
  29  4:57  Drone x3  
  32  5:08  Queen  
  32  5:09  Overlord  
  32  5:10  Drone x2  
  36  5:27  Baneling x2  
  36  5:35  Overlord  
  36  5:36  Drone  
  37  5:52  Hatchery  
  36  5:59  Drone x3  
  39  6:33  Drone x5  
  39  6:37  Evolution Chamber  
  43  6:54  Overlord x2  
  43  6:56  Lair  
  43  7:05  Drone x4  
  47  7:12  Drone x2  
  49  7:22  Drone x2  
  51  7:34  Drone x4, Extractor  
  51  7:36  Hatchery  
  53  7:41  Baneling x7  
  54  7:51  Zergling x12  
  60  8:00  Centrifical Hooks  
  60  8:22  Overlord x4  
  60  8:32  Hatchery  
  59  8:39  Extractor  
  58  8:41  Extractor  
  57  8:53  Drone x2  
  57  8:54  Drone  
  60  9:00  Zergling x16  
  60  9:01  Hatchery, Zergling x2  
  68  9:06  Hydralisk Den  
  68  9:07  Zerg Ground Armor Level 1  
  67  9:21  Zergling x6  
  67  9:22  Zergling x6  
  73  9:24  Baneling x5  
  73  9:25  Baneling x3  
  73  9:42  Zergling x6  
  59  9:57  Zergling x16  
  55  10:02  Baneling x6  
  55  10:06  Zergling x10  
  62  10:07  Zergling x6  
  20  10:33  Drone  
  20  10:34  Drone x2  
  20  11:27  Hatchery  
  17  12:50  Drone  
  5  14:12  Hatchery  
  3  15:20  Hatchery  
  2  15:41  Hatchery  
  1  16:57  Hatchery  
Tags
 
Add a new tag
Caveats
  • Supply blocks, unpowered buildings, or Contaminate may cause inaccurate times.
  • Supply counts are checked every 10 seconds.